 Dungeon Crawl Stone Soup version 0.29.0-4-gdea44cf6ec (webtiles) character file.

Game seed: 18151466557501633

84233 qw the Peltast (level 15, -10/141 HPs)
             Began as a Minotaur Berserker on Sept 10, 2022.
             Was an Elder of Trog.
             Mangled by a fire giant
             ... wielding a +0 great sword of flaming
              (15 damage)
             ... on level 14 of the Dungeon.
             The game lasted 00:08:56 (26073 turns).

qw the Peltast (Minotaur Berserker)                Turns: 26073, Time: 00:08:57

Health: -10/141    AC: 27    Str: 29    XL:     15   Next: 34%
Magic:  12/12      EV:  9    Int:  4    God:    Trog [****..]
Gold:   294        SH: 24    Dex: 10    Spells: 14/14 levels left

rFire   + . .      SeeInvis .   Y - +1 broad axe
rCold   + . .      Faith    .   l - +0 tower shield
rNeg    . . .      Spirit   .   w - +4 chain mail {rF+}
rPois   .          Reflect  +   i - +2 hat
rElec   .          Harm     .   g - +0 cloak
rCorr   .          Rampage  .   b - +0 pair of gloves
Will    +....                   s - +0 pair of boots
Stlth   ..........              e - amulet of reflection
HPRegen 0.33/turn               p - +4 ring of protection
MPRegen 0.13/turn               q - ring of protection from cold

@: about to teleport, on berserk cooldown, slowed, very slow
A: horns 2, retaliatory headbutt, low MP 1
a: Renounce Religion, Berserk, Trog's Hand, Brothers in Arms


You were on level 14 of the Dungeon.
You worshipped Trog.
Trog was greatly pleased with you.
You visited 2 branches of the dungeon, and saw 19 of its levels.
You also visited: Gauntlet.

You collected 1273 gold pieces.
You spent 979 gold pieces at shops.


Innate Abilities, Weirdness & Mutations

You have a pair of horns on your head.
You reflexively headbutt those who attack you in melee.
Your magical capacity is low. (-10% MP)


   Skills:
 - Level 15.0 Fighting
 - Level 18.0 Axes
 + Level 6.2 Throwing
 - Level 12.1 Armour
 - Level 6.0 Dodging
 - Level 18.2 Shields


You had 14 spell levels left.
You didn't know any spells.
Your spell library was empty.

Inventory:

Hand Weapons
 o - a +1 war axe of flaming
 Y - a +1 broad axe (weapon)
Missiles
 c - 3 boomerangs
 t - 9 javelins (quivered)
 v - 2 silver boomerangs
Armour
 b - a +0 pair of gloves (worn)
 d - the +1 plate armour of a volcano {-Tele rN+ rCorr Str+8}
   (You found it on level 12 of the Dungeon)

   Str:       It affects your strength (+8).
   rN:        It protects you from negative energy.
   -Tele:     It prevents most forms of teleportation.
   rCorr:     It protects you from acid and corrosion.
 g - a +0 cloak (worn)
 i - a +2 hat (worn)
 l - a +0 tower shield (worn)
 s - a +0 pair of boots (worn)
 u - the +0 chain mail "Suebah" {Str+4 Int-5 SInv}
   (You bought it in a shop on level 11 of the Dungeon)

   Str:       It affects your strength (+4).
   Int:       It affects your intelligence (-5).
   SInv:      It lets you see invisible.
 w - a +4 chain mail of fire resistance (worn)
Jewellery
 e - an amulet of reflection (around neck)
 p - a +4 ring of protection (left hand)
 q - a ring of protection from cold (right hand)
 r - a ring of positive energy
 x - an amulet of magic regeneration
 z - a ring of fire
Scrolls
 a - 13 scrolls of identify
Potions
 f - 11 potions of curing
 h - 4 potions of haste
 j - 7 potions of might
 k - 4 potions of heal wounds
 m - 4 potions of mutation
 n - 2 potions of resistance

Dungeon Overview and Level Annotations

Branches:
Dungeon (14/15)            Temple (0/1) D:4            Lair (5/5) D:9
  Swamp (0/4) Lair:3       Spider (0/4) Lair:2        Slime (0/5) Lair:5
    Orc (0/2) D:11         Vaults (0/5) D:14        Gauntlet (visited)

Altars:
Ashenzari
Makhleb
Qazlal
Zin

Shops:
D:6 ?   D:11 ![[*

Annotations:
D:3 1 runed translucent door, Crazy Yiuf
D:12 1 runed translucent door, tiocybot's ghost, journeyman GnTm


Message History

The vault guard is almost dead.
You slice the vault guard!! You slash the vault guard!
You block the vault guard's attack. x2
The vault guard hits you with a +0 dire flail!
The vault guard hits you from afar with a +0 bardiche!
You slash the vault guard!
You kill the vault guard!
Trog accepts your kill.
You hit the vault guard. x2
You chop the vault guard into pieces!!!
You kill the vault guard!
Trog accepts your kill.
You hit the vault guard.
Your skin stops crawling.
You feel less strong-willed. You block the vault guard's attack. x2
You chop the vault guard into pieces!!! You headbutt the vault guard.
The vault guard is almost dead.
You slash the vault guard! You slash the fire giant!
You block the fire giant's attack. The vault guard barely misses you.
You block the vault guard's attack.
The vault guard hits you but does no damage.
You slash the vault guard!
You kill the vault guard!
Trog accepts your kill.
You hit the vault guard but do no damage.
You slice the fire giant!! You slice the fire giant!!
The fire giant is heavily wounded.
You slice the vault guard!!
You are no longer berserk.
You are exhausted.
You feel yourself slow down. You block the fire giant's attack.
The vault guard hits you but does no damage.
You block the vault guard's attack.
26073 ||| READING scroll of teleportation.
As you read the scroll of teleportation, it crumbles to dust.
You feel strangely unstable. You block the vault guard's attack. x2
The fire giant hits you with a +0 great sword of flaming!
You die...

.....#..##.###..##....#
.....#.....#..........#
###'##.....'......)..##
##..##.....##...########
##..##...|.##...# #....
##.........###### #...8.
'...(...........##......
#...............#p[..###
###+##..##+###.)@CH..#)+
##..##..##.####'#p...###
.....(...!......##p.....
.................##...8.
........##..##....##....
##..###+##..##...##########
##..##..##..#<...##..##...#
.....#......#######.......##
.....#......##...##........#


You could see a fire giant, a sphinx and 3 vault guards.

Vanquished Creatures
  Jorgrun (D:14)
  Frances (D:13)
  A frost giant (D:14)
  A minotaur (Gauntlet)
  6 dire elephants (Lair:5)
  Snorg (D:10)
  Josephine (Lair:5)
  Fannar (D:10)
  A fire dragon (D:14)
  5 vault guards (D:14)
  6 hydras
  3 boulder beetles
  3 two-headed ogres
  4 centaur warriors
  7 death yaks
  A deep troll earth mage (D:14)
  Urug (Lair:2)
  4 tengu warriors
  Amaemon (D:8)
  Nergalle (Lair:2)
  2 glowing orange brains (Gauntlet)
  A spectral death yak (Lair:5)
  A bog body (Lair:3)
  A spectral anaconda (Lair:5)
  An obsidian statue (Lair:5)
  Pikel (D:6)
  5 necromancers
  An orc knight (D:11)
  2 lindwurms
  5 ugly things
  A manticore (D:13)
  A wolf spider (Lair:3)
  7 cyclopes
  7 elephants (Lair:5)
  2 black mambas (Lair:1)
  2 dire elephant zombies (Lair:5)
  An eye of devastation (Lair:5)
  An orange demon (D:8)
  A torpor snail (Lair:2)
  Maggie (D:6)
  A kobold demonologist (D:10)
  An unseen horror (D:12)
  13 cane toads
  3 rime drakes
  A freezing wraith (D:14)
  5 komodo dragons
  An efreet (D:14)
  2 dire elephant skeletons (Lair:5)
  2 ice devils (D:12)
  2 polar bears
  Grinder (D:3)
  5 trolls
  A spectral elephant (Lair:5)
  15 blink frogs
  A hornet (D:11)
  4 dream sheep (Lair:4)
  5 slime creatures
  2 jumping spiders (Lair:2)
  A dire elephant simulacrum (Lair:5)
  4 culicivoras (Lair:2)
  A shadow (D:11)
  32 yaks
  4 wraiths
  Grum (D:8)
  4 basilisks
  5 wyverns
  4 redbacks (Lair:2)
  9 vampire mosquitoes
  2 steam dragons
  2 spectral cane toads (Lair:5)
  2 acid dragons
  A floating eye (Lair:5)
  14 water moccasins
  6 orc warriors
  A sky beast (shapeshifter) (D:14)
  3 sky beasts
  A black bear (D:6)
  An elephant zombie (Lair:5)
  2 ogres (D:5)
  26 wolves
  11 centaurs
  2 elephant skeletons (Lair:5)
  2 lemures (D:6)
  2 phantoms
  4 kobold brigands
  A gnoll sergeant (D:11)
  13 bullfrogs
  2 necrophages
  A scorpion (Lair:3)
  2 cane toad simulacra (Lair:5)
  5 wights (D:6)
  An elephant simulacrum (Lair:5)
  2 vampire bats (D:6)
  8 howler monkeys
  6 hounds
  10 jellies
  11 orc priests
  4 iguanas
  13 orc wizards
  9 gnolls
  7 adders
  A river rat (D:9)
  2 worms (D:4)
  A dart slug (D:1)
  48 orcs
  6 ball pythons
  10 endoplasms
  A giant cockroach (D:1)
  11 goblins
  5 hobgoblins
  7 jackals
  18 kobolds
  6 quokkas
  9 bats
  6 frilled lizards
  5 rats
537 creatures vanquished.

Vanquished Creatures (others)
  Nessos (D:13)
  2 orc wizards (D:7)
  16 fungi
  30 plants
  26 withered plants (Lair:5)
75 creatures vanquished.

Grand Total: 612 creatures vanquished

Notes
Turn   | Place    | Note
-------+----------+-------------------------------------------
     0 | D:1      | qw the Minotaur Berserker began the quest for the Orb.
     0 | D:1      | Reached XP level 1. HP: 19/19 MP: 0/0
     0 | D:1      | 0 ||| qw: Version: 0.1-a-116-g5d60599
     0 | D:1      | 0 ||| qw: Game counter: 7685
     0 | D:1      | 0 ||| qw: Always use a shield: true
     0 | D:1      | 0 ||| qw: Do Orc after D:15 true
     0 | D:1      | 0 ||| qw: Do second Lair branch before Depths: true
     0 | D:1      | 0 ||| qw: Lair rune preference: random
     0 | D:1      | 0 ||| qw: Plans: Normal
     0 | D:1      | 0 ||| PLANNING D:1-11
   199 | D:1      | 199 ||| Stepping ~*~*~tactically~*~*~ (stealth).
   240 | D:1      | Reached XP level 2. HP: 22/26 MP: 1/1
   250 | D:1      | 250 ||| Stepping ~*~*~tactically~*~*~ (stealth).
   311 | D:1      | 311 ||| Stepping ~*~*~tactically~*~*~ (stealth).
   312 | D:1      | 312 ||| Stepping ~*~*~tactically~*~*~ (stealth).
   608 | D:1      | 608 ||| Stepping ~*~*~tactically~*~*~ (stealth).
   610 | D:1      | 610 ||| Stepping ~*~*~tactically~*~*~ (stealth).
   619 | D:1      | 619 ||| Stepping ~*~*~tactically~*~*~ (stealth).
   620 | D:1      | 620 ||| Stepping ~*~*~tactically~*~*~ (stealth).
   682 | D:1      | Found a faded altar of an unknown god.
   845 | D:1      | 845 ||| Stepping ~*~*~tactically~*~*~ (stealth).
   847 | D:1      | 847 ||| Stepping ~*~*~tactically~*~*~ (stealth).
   854 | D:1      | Reached XP level 3. HP: 29/31 MP: 2/2
  1046 | D:1      | 1046 ||| Stepping ~*~*~tactically~*~*~ (stealth).
  1067 | D:1      | 1067 ||| Stepping ~*~*~tactically~*~*~ (stealth).
  1069 | D:1      | 1069 ||| Stepping ~*~*~tactically~*~*~ (stealth).
  1072 | D:1      | 1072 ||| Stepping ~*~*~tactically~*~*~ (stealth).
  1076 | D:1      | 1076 ||| Stepping ~*~*~tactically~*~*~ (stealth).
  1214 | D:1      | 1214 ||| UPGRADING to +0 ring mail.
  1224 | D:1      | 1224 ||| DROPPING +0 animal skin.
  1225 | D:1      | 1225 ||| READING scroll labelled FETEOH SUDD.
  1226 | D:1      | 1226 ||| READING scroll labelled XEDADW ZOEDIER.
  1227 | D:1      | 1227 ||| READING scroll labelled ENTUEGEICE.
  1517 | D:2      | 1517 ||| SWAPPING to +0 war axe.
  1520 | D:2      | 1520 ||| DROPPING +0 hand axe of protection.
  1530 | D:2      | 1530 ||| DROPPING +0 club.
  1644 | D:2      | Reached ** piety under Trog
  1683 | D:2      | 1683 ||| DROPPING +0 mace.
  2149 | D:2      | 2149 ||| READING scroll labelled LANEIT TUTAUVIAGO.
  2150 | D:2      | 2150 ||| READING 2 scrolls labelled SIDONG GADD.
  2151 | D:2      | 2151 ||| READING scroll labelled SEUDGH TE EMI.
  2152 | D:2      | 2152 ||| READING scroll labelled SUPUB SALOTWAH.
  2153 | D:2      | 2153 ||| DRINKING 3 viscous puce potions.
  2154 | D:2      | 2154 ||| DROPPING scroll of fear.
  2155 | D:2      | 2155 ||| Stepping randomly (stuck).
  2156 | D:2      | 2156 ||| Stepping ~*~*~tactically~*~*~ (cloud).
  2481 | D:3      | Found a glowing silver altar of Zin.
  2819 | D:3      | Reached skill level 6 in Axes
  2819 | D:3      | Reached XP level 4. HP: 39/39 MP: 3/3
  2989 | D:3      | Noticed Grinder
  2991 | D:3      | 2991 ||| Stepping ~*~*~tactically~*~*~ (hiding).
  2992 | D:3      | 2992 ||| INVOKING Trog's Hand.
  2994 | D:3      | 2994 ||| Stepping ~*~*~tactically~*~*~ (hiding).
  2998 | D:3      | 2998 ||| INVOKING Berserk.
  3002 | D:3      | Killed Grinder
  3003 | D:3      | Reached XP level 5. HP: 45/45 MP: 4/4
  3003 | D:3      | Reached XP level 6. HP: 51/51 MP: 5/5
  3142 | D:3      | Found a runed translucent door.
  3143 | D:3      | Noticed Crazy Yiuf
  3675 | D:3      | 3675 ||| UPGRADING to amulet of reflection.
  3680 | D:3      | 3680 ||| DROPPING amulet of the acrobat.
  3681 | D:3      | 3681 ||| READING scroll labelled XASKEGIRE.
  3791 | D:3      | 3791 ||| READING 2 scrolls labelled HIOROUTH OFALA.
  3792 | D:3      | 3792 ||| READING scroll labelled WUUNNE BOUST.
  3793 | D:3      | 3793 ||| DRINKING 2 coppery potions.
  3794 | D:3      | 3794 ||| DROPPING scroll of magic mapping.
  3874 | D:4      | 3874 ||| Stepping ~*~*~tactically~*~*~ (stealth).
  3922 | D:4      | 3922 ||| Stepping ~*~*~tactically~*~*~ (stealth).
  3929 | D:4      | 3929 ||| FLEEEEING.
  3930 | D:4      | 3930 ||| FLEEEEING.
  3931 | D:4      | 3931 ||| FLEEEEING.
  4113 | D:4      | 4113 ||| Stepping ~*~*~tactically~*~*~ (stealth).
  4116 | D:4      | 4116 ||| Stepping ~*~*~tactically~*~*~ (stealth).
  4323 | D:4      | 4323 ||| INVOKING Berserk.
  4326 | D:4      | Reached skill level 9 in Axes
  4569 | D:4      | 4569 ||| INVOKING Berserk.
  4571 | D:4      | Found a staircase to the Ecumenical Temple.
  4580 | D:4      | 4580 ||| Stepping ~*~*~tactically~*~*~ (stealth).
  4585 | D:4      | Reached XP level 7. HP: 61/61 MP: 6/6
  4586 | D:4      | 4586 ||| Stepping ~*~*~tactically~*~*~ (stealth).
  4940 | D:4      | 4940 ||| Stepping ~*~*~tactically~*~*~ (hiding).
  4942 | D:4      | 4942 ||| INVOKING Berserk.
  4952 | D:4      | Reached *** piety under Trog
  5364 | D:4      | 5364 ||| READING scroll of brand weapon.
  5364 | D:4      | 5364 ||| BRANDING +0 war axe.
  5365 | D:4      | 5365 ||| DROPPING +0 flail.
  5531 | D:4      | Found a broken altar of Ashenzari.
  5533 | D:4      | 5533 ||| UPGRADING to +0 pair of gloves.
  5538 | D:4      | 5538 ||| UPGRADING to +0 tower shield.
  5543 | D:4      | 5543 ||| DRINKING 2 viscous cyan potions.
  5544 | D:4      | 5544 ||| READING 3 scrolls of identify.
  5544 | D:4      | 5544 ||| IDENTIFYING bubbling yellow potion
  5545 | D:4      | 5545 ||| READING 2 scrolls of identify.
  5545 | D:4      | 5545 ||| IDENTIFYING fuming ruby potion
  5546 | D:4      | 5546 ||| DROPPING potion of attraction.
  5547 | D:4      | 5547 ||| DROPPING potion of magic.
  5548 | D:4      | 5548 ||| DROPPING potion of invisibility.
  5585 | D:5      | Entered Level 5 of the Dungeon
  5587 | D:5      | 5587 ||| INVOKING Berserk.
  5590 | D:5      | Reached skill level 1 in Shields
  5598 | D:5      | 5598 ||| STAIRDANCE
  5849 | D:5      | 5849 ||| Stepping ~*~*~tactically~*~*~ (hiding).
  5851 | D:5      | 5851 ||| INVOKING Berserk.
  5854 | D:5      | Reached skill level 3 in Shields
  5862 | D:5      | 5862 ||| DRINKING 3 potions of curing.
  5862 | D:5      | 5862 ||| (to cure confusion)
  5865 | D:5      | 5865 ||| DRINKING 2 potions of curing.
  5865 | D:5      | 5865 ||| (to cure confusion)
  5868 | D:5      | 5868 ||| DRINKING potion of curing.
  5868 | D:5      | 5868 ||| (to cure confusion)
  5886 | D:5      | HP: 12/61 [iguana (12)]
  5887 | D:5      | 5887 ||| DRINKING 3 potions of heal wounds.
  5992 | D:5      | 5992 ||| INVOKING Berserk.
  5994 | D:5      | Reached XP level 8. HP: 68/68 MP: 7/7
  6138 | D:5      | Reached skill level 6 in Shields
  6204 | D:5      | 6204 ||| Stepping ~*~*~tactically~*~*~ (stealth).
  6209 | D:5      | 6209 ||| INVOKING Berserk.
  6566 | D:5      | 6566 ||| UPGRADING to +0 chain mail.
  6576 | D:5      | 6576 ||| DROPPING +0 ring mail.
  6577 | D:5      | 6577 ||| DROPPING amulet of faith.
  6578 | D:5      | 6578 ||| READING scroll labelled REREN BAMOIRUOCK.
  6579 | D:5      | 6579 ||| READING scroll labelled HALACOSHOM.
  6580 | D:5      | 6580 ||| DRINKING 2 bubbling blue potions.
  6892 | D:6      | 6892 ||| INVOKING Berserk.
  6899 | D:6      | Reached skill level 9 in Shields
  6991 | D:6      | Noticed Pikel
  6998 | D:6      | 6998 ||| INVOKING Berserk.
  7004 | D:6      | Killed Pikel
  7005 | D:6      | Reached XP level 9. HP: 59/74 MP: 8/8
  7186 | D:6      | Reached skill level 3 in Armour
  7244 | D:6      | Noticed Maggie
  7256 | D:6      | 7256 ||| INVOKING Berserk.
  7259 | D:6      | HP: 27/111 [Maggie/bolt of fire (9)]
  7260 | D:6      | Killed Maggie
  7266 | D:6      | HP: 16/74 [something (3)]
  7268 | D:6      | HP: 4/74 [something (6)]
  7272 | D:6      | 7272 ||| DRINKING 3 potions of heal wounds.
  7550 | D:6      | 7550 ||| INVOKING Berserk.
  7555 | D:6      | Reached skill level 6 in Fighting
  7795 | D:6      | Found Myozxel's Magic Scroll Shop.
  7801 | D:6      | 7801 ||| BUYING scroll of identify (22 gold).
  7801 | D:6      | Bought a scroll of identify for 22 gold pieces
  7801 | D:6      | 7801 ||| BUYING scroll of identify (22 gold).
  7801 | D:6      | Bought a scroll of identify for 22 gold pieces
  7801 | D:6      | 7801 ||| BUYING scroll of identify (22 gold).
  7801 | D:6      | Bought a scroll of identify for 22 gold pieces
  7801 | D:6      | 7801 ||| BUYING scroll of teleportation (33 gold).
  7801 | D:6      | Bought a scroll of teleportation for 33 gold pieces
  7917 | D:6      | 7917 ||| UPGRADING to +0 plate armour.
  7927 | D:6      | 7927 ||| DROPPING +0 chain mail.
  7928 | D:6      | 7928 ||| READING scroll labelled VOKKE YMEROSUY.
  7929 | D:6      | 7929 ||| DRINKING 2 purple potions.
  7930 | D:6      | 7930 ||| READING 5 scrolls of identify.
  7930 | D:6      | 7930 ||| IDENTIFYING fuming sapphire potion
  7931 | D:6      | 7931 ||| READING 4 scrolls of identify.
  7931 | D:6      | 7931 ||| IDENTIFYING inky potion
  7932 | D:6      | 7932 ||| READING 3 scrolls of identify.
  7932 | D:6      | 7932 ||| IDENTIFYING bubbling clear potion
  7933 | D:6      | 7933 ||| READING 2 scrolls of identify.
  7933 | D:6      | 7933 ||| IDENTIFYING fizzy green potion
  7934 | D:6      | 7934 ||| DROPPING potion of lignification.
  7935 | D:6      | 7935 ||| DROPPING potion of flight.
  8066 | D:7      | 8066 ||| INVOKING Berserk.
  8201 | D:7      | Noticed a troll
  8204 | D:7      | 8204 ||| INVOKING Berserk.
  8207 | D:7      | Killed a troll
  8500 | D:7      | 8500 ||| Stepping randomly (cloudy).
  8503 | D:7      | 8503 ||| INVOKING Berserk.
  8527 | D:7      | 8527 ||| Stepping randomly (cloudy).
  8528 | D:7      | 8528 ||| Stepping randomly (cloudy).
  8530 | D:7      | 8530 ||| Stepping randomly (cloudy).
  8705 | D:7      | Reached **** piety under Trog
  8749 | D:7      | 8749 ||| Stepping ~*~*~tactically~*~*~ (hiding).
  8755 | D:7      | Reached skill level 1 in Throwing
  9147 | D:8      | Reached XP level 10. HP: 80/84 MP: 9/9
  9169 | D:8      | 9169 ||| INVOKING Berserk.
  9431 | D:8      | Reached skill level 12 in Shields
  9502 | D:8      | 9502 ||| Stepping ~*~*~tactically~*~*~ (stealth).
  9503 | D:8      | Noticed Grum
  9509 | D:8      | 9509 ||| INVOKING Berserk.
  9517 | D:8      | Killed Grum
  9650 | D:8      | 9650 ||| Stepping ~*~*~tactically~*~*~ (stealth).
  9651 | D:8      | 9651 ||| Stepping ~*~*~tactically~*~*~ (stealth).
  9686 | D:8      | Reached skill level 12 in Axes
  9786 | D:8      | Noticed an orange demon
  9787 | D:8      | 9787 ||| Stepping ~*~*~tactically~*~*~ (hiding).
  9797 | D:8      | Killed an orange demon
  9804 | D:8      | Noticed Amaemon
  9810 | D:8      | 9810 ||| INVOKING Berserk.
  9818 | D:8      | Killed Amaemon
  9819 | D:8      | Reached skill level 6 in Armour
  9963 | D:8      | Found a stormy altar of Qazlal.
 10115 | D:8      | 10115 ||| Stepping ~*~*~tactically~*~*~ (hiding).
 10123 | D:8      | 10123 ||| INVOKING Berserk.
 10405 | D:8      | 10405 ||| READING 2 scrolls of identify.
 10405 | D:8      | 10405 ||| IDENTIFYING grey potion
 10406 | D:8      | 10406 ||| DROPPING potion of ambrosia.
 10473 | D:9      | 10473 ||| Stepping ~*~*~tactically~*~*~ (cloud).
 10474 | D:9      | 10474 ||| Stepping ~*~*~tactically~*~*~ (cloud).
 10497 | D:9      | 10497 ||| INVOKING Berserk.
 10623 | D:9      | 10623 ||| Stepping ~*~*~tactically~*~*~ (stealth).
 10625 | D:9      | 10625 ||| Stepping ~*~*~tactically~*~*~ (hiding).
 10631 | D:9      | 10631 ||| INVOKING Berserk.
 10686 | D:9      | 10686 ||| FLEEEEING.
 10687 | D:9      | 10687 ||| FLEEEEING.
 10694 | D:9      | 10694 ||| STAIRDANCE
 10796 | D:8      | 10796 ||| UPGRADING to +0 cloak.
 10826 | D:9      | 10826 ||| Stepping ~*~*~tactically~*~*~ (stealth).
 10827 | D:9      | 10827 ||| Stepping ~*~*~tactically~*~*~ (stealth).
 10828 | D:9      | 10828 ||| Stepping ~*~*~tactically~*~*~ (stealth).
 10845 | D:9      | 10845 ||| Stepping ~*~*~tactically~*~*~ (stealth).
 10847 | D:9      | Noticed a death yak
 10851 | D:9      | 10851 ||| INVOKING Berserk.
 10853 | D:9      | Noticed a death yak
 10854 | D:9      | Noticed a death yak
 10858 | D:9      | Killed a death yak
 10866 | D:9      | Killed a death yak
 10867 | D:9      | Reached XP level 11. HP: 92/92 MP: 10/10
 10870 | D:9      | Killed a death yak
 11030 | D:9      | Found a staircase to the Lair.
 11068 | D:9      | 11068 ||| Stepping ~*~*~tactically~*~*~ (hiding).
 11079 | D:9      | 11079 ||| Stepping ~*~*~tactically~*~*~ (stealth).
 11080 | D:9      | 11080 ||| INVOKING Berserk.
 11158 | D:9      | 11158 ||| Stepping ~*~*~tactically~*~*~ (stealth).
 11215 | D:9      | Noticed a two-headed ogre
 11218 | D:9      | 11218 ||| INVOKING Berserk.
 11220 | D:9      | Killed a two-headed ogre
 11706 | D:9      | 11706 ||| PLANNING LAIR
 11706 | D:9      | 11706 ||| UPGRADING to +2 hat.
 11711 | D:9      | 11711 ||| UPGRADING to +4 ring of protection.
 11712 | D:9      | 11712 ||| UPGRADING to ring of protection from cold.
 11744 | Lair:1   | Entered Level 1 of the Lair of Beasts
 11754 | Lair:1   | 11754 ||| INVOKING Berserk.
 12014 | Lair:1   | 12014 ||| INVOKING Berserk.
 12138 | Lair:1   | 12138 ||| INVOKING Berserk.
 12468 | Lair:1   | 12468 ||| INVOKING Berserk.
 12679 | Lair:1   | Reached skill level 15 in Axes
 13082 | Lair:1   | 13082 ||| UPGRADING to +0 pair of boots.
 13087 | Lair:1   | 13087 ||| READING scroll labelled XOOLUE VIECHI.
 13115 | Lair:2   | 13115 ||| INVOKING Berserk.
 13215 | Lair:2   | Noticed Urug
 13218 | Lair:2   | 13218 ||| INVOKING Berserk.
 13240 | Lair:2   | HP: 22/95 [Urug/+5 demon trident (21)]
 13241 | Lair:2   | 13241 ||| READING scroll of teleportation.
 13242 | Lair:2   | 13242 ||| DRINKING 5 potions of heal wounds.
 13256 | Lair:2   | HP: 21/95 [poisoned by a water moccasin]
 13257 | Lair:2   | 13257 ||| DRINKING 4 potions of heal wounds.
 13385 | Lair:2   | 13385 ||| INVOKING Berserk.
 13389 | Lair:2   | Reached skill level 9 in Fighting
 13587 | Lair:2   | 13587 ||| Stepping ~*~*~tactically~*~*~ (stealth).
 13588 | Lair:2   | Found a hole to the Spider Nest.
 13589 | Lair:2   | 13589 ||| Stepping ~*~*~tactically~*~*~ (stealth).
 13617 | Lair:2   | Reached XP level 12. HP: 104/104 MP: 11/11
 13658 | Lair:2   | Reached skill level 3 in Dodging
 13749 | Lair:2   | 13749 ||| INVOKING Berserk.
 13979 | Lair:2   | 13979 ||| Stepping ~*~*~tactically~*~*~ (stealth).
 13983 | Lair:2   | 13983 ||| Stepping ~*~*~tactically~*~*~ (hiding).
 13987 | Lair:2   | 13987 ||| INVOKING Berserk.
 13997 | Lair:2   | Killed Urug
 14175 | Lair:2   | 14175 ||| Stepping ~*~*~tactically~*~*~ (stealth).
 14339 | Lair:2   | Noticed Nergalle
 14345 | Lair:2   | 14345 ||| INVOKING Berserk.
 14355 | Lair:2   | Killed Nergalle
 14356 | Lair:2   | Reached skill level 3 in Throwing
 14363 | Lair:2   | 14363 ||| Stepping ~*~*~tactically~*~*~ (stealth).
 14372 | Lair:2   | 14372 ||| Stepping ~*~*~tactically~*~*~ (stealth).
 14395 | Lair:2   | 14395 ||| FLEEEEING.
 14396 | Lair:2   | 14396 ||| FLEEEEING.
 14447 | Lair:2   | 14447 ||| Stepping ~*~*~tactically~*~*~ (hiding).
 14449 | Lair:2   | 14449 ||| Stepping ~*~*~tactically~*~*~ (hiding).
 14642 | Lair:2   | 14642 ||| INVOKING Berserk.
 15081 | Lair:2   | 15081 ||| READING scroll labelled SIUMNOPP HAEX.
 15087 | Lair:3   | You fall into a shaft and drop 1 floor!
 15087 | Lair:4   | Noticed an eight-headed hydra
 15090 | Lair:4   | 15090 ||| INVOKING Berserk.
 15092 | Lair:4   | Killed a six-headed hydra
 15093 | Lair:4   | Reached skill level 9 in Armour
 15328 | Lair:4   | 15328 ||| INVOKING Berserk.
 15339 | Lair:4   | Reached skill level 15 in Shields
 15534 | Lair:3   | 15534 ||| INVOKING Berserk.
 15706 | Lair:3   | Noticed an eight-headed hydra
 15710 | Lair:3   | 15710 ||| INVOKING Berserk.
 15713 | Lair:3   | Killed a five-headed hydra
 15714 | Lair:3   | Reached XP level 13. HP: 113/113 MP: 12/12
 15815 | Lair:3   | 15815 ||| Stepping ~*~*~tactically~*~*~ (stealth).
 15819 | Lair:3   | 15819 ||| INVOKING Berserk.
 15938 | Lair:3   | 15938 ||| Stepping ~*~*~tactically~*~*~ (stealth).
 15941 | Lair:3   | 15941 ||| INVOKING Berserk.
 16131 | Lair:3   | 16131 ||| INVOKING Berserk.
 16319 | Lair:3   | 16319 ||| INVOKING Berserk.
 16694 | Lair:3   | Found a staircase to the Swamp.
 17090 | Lair:3   | 17090 ||| READING 7 scrolls of identify.
 17090 | Lair:3   | 17090 ||| IDENTIFYING fuming purple potion
 17091 | Lair:3   | 17091 ||| DROPPING potion of degeneration.
 17282 | Lair:4   | 17282 ||| Stepping ~*~*~tactically~*~*~ (stealth).
 17285 | Lair:4   | 17285 ||| INVOKING Berserk.
 17537 | Lair:5   | Entered Level 5 of the Lair of Beasts
 17584 | Lair:5   | Noticed Josephine
 17585 | Lair:5   | 17585 ||| Stepping ~*~*~tactically~*~*~ (hiding).
 17586 | Lair:5   | 17586 ||| Stepping ~*~*~tactically~*~*~ (hiding).
 17588 | Lair:5   | 17588 ||| Stepping ~*~*~tactically~*~*~ (hiding).
 17603 | Lair:5   | Killed Josephine
 17605 | Lair:5   | 17605 ||| INVOKING Berserk.
 17786 | Lair:5   | 17786 ||| Stepping ~*~*~tactically~*~*~ (hiding).
 17787 | Lair:5   | 17787 ||| Stepping ~*~*~tactically~*~*~ (hiding).
 17788 | Lair:5   | 17788 ||| Stepping ~*~*~tactically~*~*~ (hiding).
 17789 | Lair:5   | 17789 ||| SWAPPING to +0 broad axe.
 17818 | Lair:5   | 17818 ||| INVOKING Berserk.
 17876 | Lair:5   | 17876 ||| FLEEEEING.
 17877 | Lair:5   | 17877 ||| FLEEEEING.
 17878 | Lair:5   | 17878 ||| FLEEEEING.
 17879 | Lair:5   | 17879 ||| FLEEEEING.
 17880 | Lair:5   | 17880 ||| FLEEEEING.
 17881 | Lair:5   | 17881 ||| FLEEEEING.
 17883 | Lair:5   | Paralysed by a floating eye for 4 turns
 18051 | Lair:5   | Noticed a dire elephant
 18051 | Lair:5   | Noticed a dire elephant
 18051 | Lair:5   | Noticed a dire elephant
 18051 | Lair:5   | Noticed a dire elephant
 18052 | Lair:5   | 18052 ||| INVOKING Berserk.
 18061 | Lair:5   | Killed a dire elephant
 18267 | Lair:5   | Noticed a dire elephant
 18278 | Lair:5   | 18278 ||| INVOKING Berserk.
 18304 | Lair:5   | Noticed a dire elephant
 18305 | Lair:5   | 18305 ||| Stepping ~*~*~tactically~*~*~ (stealth).
 18324 | Lair:5   | Killed a dire elephant
 18523 | Lair:5   | 18523 ||| INVOKING Berserk.
 18533 | Lair:5   | Killed a dire elephant
 18535 | Lair:5   | HP: 36/174 [dire elephant (10)]
 18536 | Lair:5   | Killed a dire elephant
 18537 | Lair:5   | Reached skill level 18 in Axes
 18543 | Lair:5   | HP: 22/116 [dire elephant (3)]
 18544 | Lair:5   | 18544 ||| READING scroll of teleportation.
 18545 | Lair:5   | 18545 ||| DRINKING 4 potions of heal wounds.
 18546 | Lair:5   | 18546 ||| DRINKING 3 potions of heal wounds.
 18835 | Lair:5   | Found a staircase to the Slime Pits.
 19128 | Lair:5   | 19128 ||| INVOKING Berserk.
 19133 | Lair:5   | Killed a dire elephant
 19145 | Lair:5   | 19145 ||| Stepping ~*~*~tactically~*~*~ (stealth).
 19256 | Lair:5   | 19256 ||| Stepping ~*~*~tactically~*~*~ (stealth).
 19269 | Lair:5   | 19269 ||| Stepping ~*~*~tactically~*~*~ (stealth).
 19275 | Lair:5   | 19275 ||| INVOKING Berserk.
 19282 | Lair:5   | Killed a dire elephant
 19428 | Lair:5   | Reached XP level 14. HP: 113/124 MP: 13/13
 19482 | Lair:5   | 19482 ||| READING scroll labelled TAAS BIGES.
 19546 | Lair:5   | 19546 ||| Stepping randomly (stuck).
 19547 | Lair:5   | 19547 ||| Stepping randomly (stuck).
 19548 | Lair:5   | 19548 ||| Stepping randomly (stuck).
 19549 | Lair:5   | 19549 ||| Stepping randomly (stuck).
 19550 | Lair:5   | 19550 ||| Stepping randomly (stuck).
 19551 | Lair:5   | 19551 ||| Stepping randomly (stuck).
 19552 | Lair:5   | 19552 ||| Stepping randomly (stuck).
 19553 | Lair:5   | 19553 ||| Stepping randomly (stuck).
 19556 | Lair:5   | 19556 ||| Stepping randomly (stuck).
 19561 | Lair:5   | 19561 ||| Stepping ~*~*~tactically~*~*~ (stealth).
 19680 | Lair:5   | 19680 ||| FLEEEEING.
 19681 | Lair:5   | 19681 ||| FLEEEEING.
 19682 | Lair:5   | 19682 ||| FLEEEEING.
 19683 | Lair:5   | 19683 ||| FLEEEEING.
 19684 | Lair:5   | 19684 ||| FLEEEEING.
 19685 | Lair:5   | 19685 ||| FLEEEEING.
 19686 | Lair:5   | 19686 ||| FLEEEEING.
 19687 | Lair:5   | 19687 ||| FLEEEEING.
 19688 | Lair:5   | 19688 ||| FLEEEEING.
 19689 | Lair:5   | 19689 ||| FLEEEEING.
 19690 | Lair:5   | 19690 ||| FLEEEEING.
 19691 | Lair:5   | 19691 ||| FLEEEEING.
 19692 | Lair:5   | 19692 ||| FLEEEEING.
 19693 | Lair:5   | 19693 ||| FLEEEEING.
 19694 | Lair:5   | 19694 ||| FLEEEEING.
 19695 | Lair:5   | 19695 ||| FLEEEEING.
 19700 | Lair:5   | 19700 ||| FLEEEEING.
 19701 | Lair:5   | 19701 ||| FLEEEEING.
 19702 | Lair:5   | 19702 ||| FLEEEEING.
 19715 | Lair:5   | 19715 ||| FLEEEEING.
 19716 | Lair:5   | 19716 ||| FLEEEEING.
 19717 | Lair:5   | 19717 ||| FLEEEEING.
 19748 | Lair:5   | Reached skill level 12 in Fighting
 19840 | Lair:5   | 19840 ||| Stepping ~*~*~tactically~*~*~ (stealth).
 19912 | Lair:5   | 19912 ||| Stepping ~*~*~tactically~*~*~ (stealth).
 20025 | Lair:5   | 20025 ||| Stepping ~*~*~tactically~*~*~ (hiding).
 20054 | Lair:5   | 20054 ||| INVOKING Brothers in Arms.
 20055 | Lair:5   | 20055 ||| INVOKING Brothers in Arms.
 20057 | Lair:5   | 20057 ||| INVOKING Berserk.
 20218 | Lair:5   | 20218 ||| PLANNING D:1-11
 20310 | D:10     | Entered Level 10 of the Dungeon
 20311 | D:10     | 20311 ||| Stepping ~*~*~tactically~*~*~ (hiding).
 20350 | D:10     | Noticed Snorg
 20351 | D:10     | 20351 ||| INVOKING Berserk.
 20357 | D:10     | Killed Snorg
 20546 | D:10     | 20546 ||| Stepping ~*~*~tactically~*~*~ (stealth).
 20549 | D:10     | 20549 ||| Stepping ~*~*~tactically~*~*~ (stealth).
 20554 | D:10     | 20554 ||| INVOKING Berserk.
 20575 | D:10     | 20575 ||| Stepping ~*~*~tactically~*~*~ (stealth).
 20729 | D:10     | 20729 ||| Stepping ~*~*~tactically~*~*~ (stealth).
 20732 | D:10     | 20732 ||| Stepping ~*~*~tactically~*~*~ (stealth).
 20734 | D:10     | 20734 ||| Stepping ~*~*~tactically~*~*~ (stealth).
 20764 | D:10     | Noticed Fannar
 20765 | D:10     | 20765 ||| Stepping ~*~*~tactically~*~*~ (stealth).
 20766 | D:10     | 20766 ||| Stepping ~*~*~tactically~*~*~ (stealth).
 20767 | D:10     | 20767 ||| Stepping ~*~*~tactically~*~*~ (stealth).
 20792 | D:10     | Killed Fannar
 21317 | D:11     | 21317 ||| PLANNING GAUNTLET
 21320 | D:11     | 21320 ||| STAIRDANCE
 21382 | D:11     | Found Fynn's Armour Shop.
 21390 | D:11     | 21390 ||| BUYING +0 chain mail "Suebah" {Str+4 Int-5 SInv}
                  | (163 gold).
 21390 | D:11     | Bought the +0 chain mail "Suebah" {Str+4 Int-5 SInv} for
                  | 163 gold pieces
 21394 | D:11     | 21394 ||| Stepping ~*~*~tactically~*~*~ (hiding).
 21395 | D:11     | 21395 ||| Stepping ~*~*~tactically~*~*~ (hiding).
 21414 | D:11     | 21414 ||| Stepping ~*~*~tactically~*~*~ (hiding).
 21420 | D:11     | 21420 ||| INVOKING Berserk.
 21432 | D:11     | Found Rumanih's Armour Shop.
 21437 | D:11     | 21437 ||| Stepping ~*~*~tactically~*~*~ (hiding).
 21456 | D:11     | 21456 ||| FLEEEEING.
 21457 | D:11     | 21457 ||| FLEEEEING.
 21458 | D:11     | 21458 ||| FLEEEEING.
 21459 | D:11     | 21459 ||| FLEEEEING.
 21460 | D:11     | 21460 ||| FLEEEEING.
 21461 | D:11     | 21461 ||| FLEEEEING.
 21462 | D:11     | 21462 ||| FLEEEEING.
 21463 | D:11     | 21463 ||| FLEEEEING.
 21489 | D:11     | 21489 ||| Stepping ~*~*~tactically~*~*~ (hiding).
 21490 | D:11     | 21490 ||| Stepping ~*~*~tactically~*~*~ (stealth).
 21493 | D:11     | 21493 ||| Stepping ~*~*~tactically~*~*~ (hiding).
 21502 | D:11     | 21502 ||| Stepping ~*~*~tactically~*~*~ (hiding).
 21512 | D:11     | 21512 ||| Stepping ~*~*~tactically~*~*~ (stealth).
 21521 | D:11     | 21521 ||| Stepping ~*~*~tactically~*~*~ (stealth).
 21540 | D:11     | Found a staircase to the Orcish Mines.
 21577 | D:11     | 21577 ||| BUYING +4 chain mail of fire resistance (409
                  | gold).
 21577 | D:11     | Bought a +4 chain mail of fire resistance for 409 gold
                  | pieces
 21595 | D:11     | Found Ewazac's General Store.
 21607 | D:11     | 21607 ||| READING scroll of enchant weapon.
 21607 | D:11     | 21607 ||| ENCHANTING +0 broad axe.
 21615 | D:11     | 21615 ||| SHOPLISTING +2 plate armour of willpower (600
                  | gold, have 314).
 21691 | D:11     | Found a gate leading to a gauntlet.
 21692 | D:11     | 21692 ||| UPGRADING to +4 chain mail of fire resistance.
 21702 | D:11     | 21702 ||| DROPPING +0 plate armour.
 21711 | Gauntlet | Entered a Gauntlet
 21711 | Gauntlet | Found a large runed translucent door.
 21711 | Gauntlet | Found a large runed translucent door.
 21711 | Gauntlet | Found a large runed translucent door.
 21711 | Gauntlet | Found a large runed translucent door.
 21711 | Gauntlet | Found a large runed translucent door.
 21711 | Gauntlet | Found a large runed translucent door.
 21711 | Gauntlet | Found a large runed translucent door.
 21711 | Gauntlet | Found a large runed translucent door.
 21711 | Gauntlet | Found a runed translucent door.
 21711 | Gauntlet | Found a runed translucent gate.
 21711 | Gauntlet | Found a transporter.
 21711 | Gauntlet | Found a transporter.
 21711 | Gauntlet | Found a runed translucent gate.
 21711 | Gauntlet | Found a transporter.
 21715 | Gauntlet | Found a transporter.
 21715 | Gauntlet | Found a transporter.
 21716 | Gauntlet | Found a transporter.
 21725 | Gauntlet | Found a transporter.
 21729 | Gauntlet | Found a transporter.
 21741 | Gauntlet | Found a transporter.
 21813 | Gauntlet | Found a runed translucent door.
 21814 | Gauntlet | Found a large runed translucent door.
 21814 | Gauntlet | Found a large runed translucent door.
 21814 | Gauntlet | Found a large runed translucent door.
 21814 | Gauntlet | Found a large runed translucent door.
 21815 | Gauntlet | Found a large runed translucent door.
 21815 | Gauntlet | Found a large runed translucent door.
 21816 | Gauntlet | Found a large runed translucent door.
 21816 | Gauntlet | Found a large runed translucent door.
 21825 | Gauntlet | Found a runed translucent gate.
 21841 | Gauntlet | Found a transporter.
 21845 | Gauntlet | Found a transporter.
 21857 | Gauntlet | Found a transporter.
 22065 | Gauntlet | 22065 ||| Stepping ~*~*~tactically~*~*~ (stealth).
 22156 | Gauntlet | 22156 ||| DRINKING 8 potions of curing.
 22156 | Gauntlet | 22156 ||| (to cure confusion)
 22200 | Gauntlet | 22200 ||| INVOKING Berserk.
 22366 | Gauntlet | 22366 ||| DROPPING +0 cloak of stealth.
 22378 | D:11     | 22378 ||| PLANNING D:1-11
 22543 | D:11     | 22543 ||| Stepping ~*~*~tactically~*~*~ (stealth).
 22549 | D:11     | Found Ligujyl's Distillery.
 22570 | D:11     | 22570 ||| BUYING 2 potions of mutation (176 gold).
 22570 | D:11     | Bought 2 potions of mutation for 176 gold pieces
 22570 | D:11     | 22570 ||| BUYING potion of curing (33 gold).
 22570 | D:11     | Bought a potion of curing for 33 gold pieces
 22570 | D:11     | 22570 ||| BUYING potion of heal wounds (55 gold).
 22570 | D:11     | Bought a potion of heal wounds for 55 gold pieces
 22570 | D:11     | 22570 ||| BUYING potion of might (44 gold).
 22570 | D:11     | Bought a potion of might for 44 gold pieces
 22570 | D:11     | 22570 ||| SHOPLISTING potion of mutation (88 gold, have
                  | 39).
 22570 | D:11     | 22570 ||| SHOPLISTING potion of resistance (110 gold, have
                  | 39).
 22716 | D:11     | 22716 ||| PLANNING D
 22732 | D:12     | 22732 ||| STAIRDANCE
 22765 | D:12     | 22765 ||| INVOKING Berserk.
 22772 | D:12     | 22772 ||| STAIRDANCE
 22876 | D:12     | 22876 ||| INVOKING Berserk.
 22887 | D:12     | 22887 ||| STAIRDANCE
 23010 | D:12     | 23010 ||| INVOKING Berserk.
 23023 | D:12     | 23023 ||| STAIRDANCE
 23134 | D:12     | 23134 ||| INVOKING Berserk.
 23273 | D:12     | Found a runed translucent door.
 23273 | D:12     | Noticed tiocybot's ghost (journeyman GnTm)
 23423 | D:12     | 23423 ||| Stepping ~*~*~tactically~*~*~ (stealth).
 23472 | D:12     | 23472 ||| Stepping ~*~*~tactically~*~*~ (stealth).
 23499 | D:12     | 23499 ||| Stepping ~*~*~tactically~*~*~ (stealth).
 23616 | D:12     | 23616 ||| Stepping ~*~*~tactically~*~*~ (stealth).
 23617 | D:12     | 23617 ||| Stepping ~*~*~tactically~*~*~ (stealth).
 23619 | D:12     | 23619 ||| Stepping ~*~*~tactically~*~*~ (stealth).
 23624 | D:12     | Reached skill level 6 in Throwing
 23625 | D:12     | 23625 ||| Stepping ~*~*~tactically~*~*~ (stealth).
 23639 | D:12     | Reached ***** piety under Trog
 23763 | D:12     | Identified the +1 plate armour of a volcano {-Tele rN+
                  | rCorr Str+8}
 24027 | D:12     | Found a burning altar of Makhleb.
 24151 | D:13     | 24151 ||| Stepping ~*~*~tactically~*~*~ (hiding).
 24205 | D:13     | 24205 ||| Stepping ~*~*~tactically~*~*~ (hiding).
 24218 | D:13     | 24218 ||| Stepping ~*~*~tactically~*~*~ (stealth).
 24234 | D:13     | Identified the +6 scale mail "Uceb" {Rampage MP+9 Int-5
                  | Stlth+}
 24271 | D:13     | 24271 ||| Stepping ~*~*~tactically~*~*~ (stealth).
 24333 | D:13     | 24333 ||| Stepping ~*~*~tactically~*~*~ (stealth).
 24345 | D:13     | 24345 ||| Stepping ~*~*~tactically~*~*~ (stealth).
 24354 | D:13     | 24354 ||| Stepping ~*~*~tactically~*~*~ (stealth).
 24357 | D:13     | 24357 ||| Stepping ~*~*~tactically~*~*~ (stealth).
 24358 | D:13     | 24358 ||| Stepping ~*~*~tactically~*~*~ (stealth).
 24470 | D:13     | 24470 ||| INVOKING Brothers in Arms.
 24472 | D:13     | 24472 ||| INVOKING Berserk.
 24628 | D:13     | Noticed Frances
 24629 | D:13     | 24629 ||| INVOKING Berserk.
 24637 | D:13     | Gained mutation: Your magical capacity is low. (-10% MP) [a
                  | neqoxec]
 24641 | D:13     | Killed Frances
 24856 | D:13     | Noticed Nessos
 24857 | D:13     | 24857 ||| Stepping ~*~*~tactically~*~*~ (hiding).
 24862 | D:13     | 24862 ||| Stepping ~*~*~tactically~*~*~ (hiding).
 24866 | D:13     | Killed Nessos
 25077 | D:13     | 25077 ||| READING scroll labelled BEUMATS FEGHEB.
 25098 | D:14     | Reached XP level 15. HP: 138/138 MP: 12/12
 25133 | D:14     | 25133 ||| Stepping ~*~*~tactically~*~*~ (hiding).
 25145 | D:14     | Reached skill level 18 in Shields
 25258 | D:14     | Found a gate to the Vaults.
 25290 | D:14     | 25290 ||| Stepping ~*~*~tactically~*~*~ (stealth).
 25291 | D:14     | 25291 ||| Stepping ~*~*~tactically~*~*~ (stealth).
 25300 | D:14     | 25300 ||| SWAPPING to +1 war axe of flaming.
 25306 | D:14     | 25306 ||| SWAPPING to +1 broad axe.
 25394 | D:14     | 25394 ||| INVOKING Berserk.
 25401 | D:14     | Reached skill level 6 in Dodging
 25422 | D:14     | 25422 ||| Stepping ~*~*~tactically~*~*~ (stealth).
 25423 | D:14     | 25423 ||| Stepping ~*~*~tactically~*~*~ (stealth).
 25426 | D:14     | 25426 ||| Stepping ~*~*~tactically~*~*~ (stealth).
 25533 | D:14     | 25533 ||| SWAPPING to +1 war axe of flaming.
 25540 | D:14     | Reached skill level 12 in Armour
 25540 | D:14     | 25540 ||| SWAPPING to +1 broad axe.
 25610 | D:14     | Noticed Jorgrun
 25614 | D:14     | 25614 ||| INVOKING Berserk.
 25631 | D:14     | Killed Jorgrun
 26019 | D:14     | 26019 ||| Stepping ~*~*~tactically~*~*~ (hiding).
 26029 | D:14     | Noticed a frost giant
 26029 | D:14     | Found the +5 sword of Power {vorpal}
 26038 | D:14     | Noticed a sphinx
 26039 | D:14     | 26039 ||| INVOKING Trog's Hand.
 26042 | D:14     | Noticed a fire giant
 26049 | D:14     | 26049 ||| INVOKING Berserk.
 26062 | D:14     | HP: 42/208 [frost giant/bolt of cold (24)]
 26065 | D:14     | Killed a frost giant
 26065 | D:14     | HP: 20/208 [vault guard/+0 bardiche (9)]
 26066 | D:14     | Reached skill level 15 in Fighting
 26067 | D:14     | HP: 5/211 [vault guard/+0 bardiche (7)]
 26073 | D:14     | 26073 ||| READING scroll of teleportation.
 26073 | D:14     | Mangled by a fire giant

Levels and vault maps discovered:
D:1:      sevenhm_arrival_forest_fort_large_2, layout_basic,
          chequers_ecumenical_altar_island, st_stairs_2
D:2:      layout_basic
D:3:      kennysheep_six_static_rooms, layout_basic, lemuel_round_altar,
          uniq_grinder, uniq_crazy_yiuf_cottage
D:4:      layout_basic, lemuel_coloured_pillars_altar, temple_fountains,
          lexackson_kobold_supper
D:5:      layout_basic
D:6:      layout_basic, roderic_batcave, kennysheep_small_square, uniq_pikel,
          uniq_maggie
D:7:      wander_river, layout_loops_ring
D:8:      layout_loops_ring, nicolae_qazlal_scattered_showers, uniq_grum,
          uniq_amaemon
D:9:      layout_basic, dpeg_lair_monsters
D:10:     layout_loops_cross, feat_on_display, uniq_snorg, uniq_fannar
D:11:     layout_rooms, david_orc_5, serial_shops, shop,
          nicolae_shop_advertising_works [nicolae_subvault_shop_adworks], shop,
          nicolae_shop_competitors_out_of_business, gauntlet_entry_generic,
          kennysheep_generic_room_8
D:12:     layout_loops_ring, hellmonk_ghost_big_iron,
          portal_ice_cave_demonic_guard, makhleb_altar_promises_db
D:13:     layout_loops_ring, uniq_frances, uniq_nessos
D:14:     minmay_guarded_unrand_sword_of_power, layout_gridville,
          david_vaults_4, nrook_mini_backslash, lightli_fourway_metalbox,
          uniq_jorgrun
Lair:1:   layout_hall_layers
Lair:2:   layout_cave_pods, nicolae_spider_entry_tight_spaces, uniq_nergalle,
          uniq_urug
Lair:3:   layout_regular_city, skrybe_swamp_entry_bodies, st_stairs_8,
          eino_small_chamber_without_monster, nicolae_lair_run_with_the_wolves
Lair:4:   layout_cave_shapes
Lair:5:   due_jungle_book, layout_regular_city, minmay_slime_entry_eyes,
          uniq_josephine

Skill      XL: |  1  2  3  4  5  6  7  8  9 10 11 12 13 14 15 |
---------------+----------------------------------------------+-----
Axes           | 4 5 6 8 9 11 13 15 16 18 | 18.0
Fighting       | 5 6 7 9 10 11 14 15 | 15.0
Shields        | 5 10 11 12 13 15 16 17 18 | 18.2
Armour         | 5 6 8 10 11 12 | 12.1
Throwing       | 1 2 4 5 6 |  6.2
Dodging        | 3 4 5 6 |  6.0

Action                   |  1- 3 |  4- 6 |  7- 9 | 10-12 | 13-15 || total
-------------------------+-------+-------+-------+-------+-------++-------
Melee: Hand axe          |    64 |       |       |       |       ||    64
       Headbutt          |     8 |     9 |    22 |    78 |   227 ||   344
       War axe           |    32 |    80 |   222 |   483 |    96 ||   913
       Punch             |       |     3 |       |       |       ||     3
       Broad axe         |       |       |       |       |   755 ||   755
Throw: Boomerang         |       |       |     4 |    81 |    51 ||   136
       Javelin           |       |       |       |    14 |    83 ||    97
Invok: Berserk           |       |     3 |    12 |    24 |    26 ||    65
       Trog's Hand       |       |     1 |       |       |     1 ||     2
       Brothers in Arms  |       |       |       |       |     2 ||     2
  Use: Scroll            |     7 |     3 |    10 |     4 |     6 ||    30
       Potion            |     1 |     1 |     8 |     2 |     3 ||    15
Armor: Animal skin       |    10 |       |       |       |       ||    10
       Ring mail         |    11 |    14 |    19 |       |       ||    44
       Chain mail        |       |       |    28 |       |   102 ||   130
       Plate armour      |       |       |    12 |   144 |   125 ||   281
Dodge: Dodged            |    41 |    25 |    44 |    56 |   111 ||   277
Block: Other             |       |     8 |     6 |       |       ||    14
       Reflection        |       |     1 |     7 |     6 |    30 ||    44
       Tower shield      |       |       |   174 |   433 |   739 ||  1346

Table legend:
 A = Non-vault XP
 B = Vault XP
 C = Vault XP percentage of total XP
 D = Non-vault monster count
 E = Vault monster count
 F = Vault count percentage of total count
                 A         B        C        D         E       F
            +---------+---------+-------+---------+---------+-------
      Total |   64142 |   56191 |  46.7 |     369 |     169 |  31.4
            +---------+---------+-------+---------+---------+-------
        D:1 |      52 |       6 |  10.3 |      28 |       3 |   9.7
        D:2 |       6 |       0 |   0.0 |       4 |       0 |   0.0
        D:3 |      61 |     380 |  86.2 |      15 |       7 |  31.8
        D:4 |     333 |     111 |  25.0 |      24 |       8 |  25.0
        D:5 |     768 |       0 |   0.0 |      20 |       0 |   0.0
        D:6 |    1479 |    1204 |  44.9 |      19 |      11 |  36.7
        D:7 |     990 |       0 |   0.0 |      21 |       0 |   0.0
        D:8 |    1802 |    1635 |  47.6 |      20 |       5 |  20.0
        D:9 |    2537 |    2447 |  49.1 |      27 |       7 |  20.6
       D:10 |    3507 |    1805 |  34.0 |      20 |       2 |   9.1
       D:11 |    3119 |    1465 |  32.0 |      22 |      25 |  53.2
       D:12 |    6565 |     686 |   9.5 |      18 |       2 |  10.0
       D:13 |    7735 |    2496 |  24.4 |      16 |       2 |  11.1
       D:14 |    6280 |   11614 |  64.9 |      10 |      15 |  60.0
     Lair:1 |    5091 |       0 |   0.0 |      21 |       0 |   0.0
     Lair:2 |    5829 |    3656 |  38.5 |      29 |      12 |  29.3
     Lair:3 |    4270 |    3284 |  43.5 |      11 |      15 |  57.7
     Lair:4 |    8059 |       0 |   0.0 |      32 |       0 |   0.0
     Lair:5 |    4900 |   20727 |  80.9 |      10 |      43 |  81.1
   Gauntlet |     759 |    4675 |  86.0 |       2 |      12 |  85.7
            +---------+---------+-------+---------+---------+-------
